EL
CHATTANOOGA LOOKOUTS @ BIRMINGHAM BARONS
07/28/2046
 
TOP OF THE 1ST
Chattanooga Lookouts batting - Pitching for Birmingham Barons : RHP Derrick Easley
Pitching: RHP Derrick Easley
Batting: RHB Jesse Scott 0-0: Ball
1-0: Ball
2-0: Foul Ball, location: 2F
2-1: Ball
3-1: Foul Ball, location: 2F
3-2: Base on Balls
Batting: LHB Jim Pankratz 0-0: Called Strike
0-1: Foul Ball, location: 2F
0-2: Ball
1-2: Foul Ball, location: 2F
1-2: Strikes out swinging
Batting: RHB Miguel Diaz 0-0: Ball
Jesse Scott steals 2nd base (no throw)
1-0: Swinging Strike
1-1: Ground out 5-3 (Groundball, 5, EV 101.2 MPH)
Batting: RHB Manuel Juarez 0-0: Swinging Strike
0-1: Ball
1-1: Fly out, F8 (Line Drive, 8RM, EV 92.5 MPH)
Top of the 1st over - 0 runs, 0 hits, 0 errors, 1 left on base; Chattanooga 0 - Birmingham 0
BOTTOM OF THE 1ST
Birmingham Barons batting - Pitching for Chattanooga Lookouts : RHP John Morrison
Pitching: RHP John Morrison
Batting: RHB Jeremy Hoffert 0-0: Bunt for hit to 3S - play at first, batter safe!
Batting: LHB Brandon Hopper 0-0: Ball
Jeremy Hoffert steals 2nd, throwing error, E2
Jeremy Hoffert to third
1-0: SINGLE (Line Drive, 89M, EV 86.2 MPH)
Jeremy Hoffert scores
Batting: RHB Guillermo Mojica 0-0: Fielders Choice at 2nd, 4-6 (Groundball, 4, EV 90.0 MPH)
Batting: LHB Ryan Dyal 0-0: Called Strike
Guillermo Mojica steals 2nd base (no throw)
0-1: DOUBLE (Line Drive, 9LD, EV 102.5 MPH)
Guillermo Mojica scores
Batting: LHB Josh Pittman 0-0: Called Strike
0-1: Called Strike
0-2: Ball
1-2: SINGLE (Groundball, 34D, EV 104.4 MPH)
Ryan Dyal to third
Batting: RHB Toichiro Fujimoto 0-0: Swinging Strike
0-1: DOUBLE (Line Drive, 9LM, EV 108.1 MPH)
Ryan Dyal scores
Josh Pittman to third
Batting: LHB Carlos Ramirez 0-0: Ball
1-0: SINGLE (Line Drive, 89M, EV 112.5 MPH)
Josh Pittman scores
Toichiro Fujimoto to third
Batting: RHB Peter Croston 0-0: Ball
1-0: Called Strike
1-1: Ball
2-1: Swinging Strike
2-2: Ball
3-2: Foul Ball, location: 2F
3-2: DOUBLE (Groundball, 5L, EV 105.6 MPH)
Toichiro Fujimoto scores
Carlos Ramirez to third
Pitching: LHP Stefano Traversoni
Batting: SHB Lee Dillon 0-0: Called Strike
0-1: Ball
1-1: Called Strike
1-2: Ball
2-2: Ball
3-2: Strikes out swinging
Batting: RHB Jeremy Hoffert 0-0: Called Strike
0-1: DOUBLE (Line Drive, 7LM, EV 93.1 MPH)
Carlos Ramirez scores
Peter Croston scores
Batting: LHB Brandon Hopper 0-0: Ball
1-0: Ball
2-0: Called Strike
2-1: Foul Ball, location: 2F
2-2: DOUBLE (Line Drive, 7LM, EV 107.5 MPH)
Jeremy Hoffert scores
Batting: RHB Guillermo Mojica 0-0: Ball
1-0: Foul Ball, location: 2F
1-1: Ground out 5-3 (Groundball, 56S, EV 90.6 MPH)
Bottom of the 1st over - 8 runs, 9 hits, 1 error, 1 left on base; Chattanooga 0 - Birmingham 8
TOP OF THE 2ND
Chattanooga Lookouts batting - Pitching for Birmingham Barons : RHP Derrick Easley
Batting: RHB Jose Nunez 0-0: Called Strike
0-1: Fly out, F2 (Popup, 3SF, EV 68.1 MPH)
Batting: LHB Justin Wenzel 0-0: Called Strike
0-1: Ball
1-1: Fly out, F5 (Line Drive, 56, EV 75.0 MPH)
Batting: RHB Tony Rivera 0-0: Ball
1-0: Ball
2-0: Ball
3-0: Called Strike
3-1: Called Strike
3-2: Foul Ball, location: 2F
3-2: Fly out, F5 (Popup, 5S, EV 73.8 MPH)
Top of the 2nd over - 0 runs, 0 hits, 0 errors, 0 left on base; Chattanooga 0 - Birmingham 8
BOTTOM OF THE 2ND
Birmingham Barons batting - Pitching for Chattanooga Lookouts : LHP Stefano Traversoni
Batting: LHB Ryan Dyal 0-0: Foul Ball, location: 2F
0-1: Ball
1-1: Ball
2-1: Ball
3-1: SOLO HOME RUN (Flyball, 89XD, EV 106.9 MPH), Distance : 392 ft
Batting: LHB Josh Pittman 0-0: Ground out U3 (Groundball, 34, EV 108.8 MPH)
Batting: RHB Toichiro Fujimoto 0-0: Ball
1-0: Called Strike
1-1: Called Strike
1-2: Foul Ball, location: 2F
1-2: Ground out 6-3 (Groundball, 6S, EV 63.8 MPH)
Batting: LHB Carlos Ramirez 0-0: Ball
1-0: Foul Ball, location: 2F
1-1: Fly out, F7 (Flyball, 7D, EV 101.9 MPH)
Bottom of the 2nd over - 1 run, 1 hit, 0 errors, 0 left on base; Chattanooga 0 - Birmingham 9
TOP OF THE 3RD
Chattanooga Lookouts batting - Pitching for Birmingham Barons : RHP Derrick Easley
Batting: LHB Steve Roepke 0-0: Foul Ball, location: 2F
0-1: Ground out 4-3 (Groundball, 4M, EV 79.4 MPH)
Batting: RHB Marcel Koens 0-0: Ball
1-0: SINGLE (Groundball, 34D, EV 103.1 MPH)
Batting: RHB Jesse Scott 0-0: Foul Ball, location: 2F
0-1: Ball
1-1: Swinging Strike
1-2: Ground out 5-3 (Groundball, 56S, EV 70.6 MPH)
Marcel Koens to second
Batting: LHB Jim Pankratz 0-0: Ball
1-0: Ball
2-0: Ball
3-0: Called Strike
3-1: Swinging Strike
3-2: Base on Balls
Batting: RHB Miguel Diaz 0-0: Foul Ball, location: 2F
0-1: Ball
1-1: Foul Ball, location: 2F
1-2: SINGLE (Groundball, 56D, EV 95.6 MPH)
Marcel Koens to third
Jim Pankratz to second
Batting: RHB Manuel Juarez 0-0: Called Strike
0-1: Ball
1-1: Called Strike
1-2: Fly out, F8 (Flyball, 89XD, EV 87.5 MPH)
Top of the 3rd over - 0 runs, 2 hits, 0 errors, 3 left on base; Chattanooga 0 - Birmingham 9
BOTTOM OF THE 3RD
Birmingham Barons batting - Pitching for Chattanooga Lookouts : LHP Stefano Traversoni
Batting: RHB Peter Croston 0-0: Ball
1-0: Ball
2-0: Ball
3-0: Base on Balls
Batting: SHB Lee Dillon 0-0: Called Strike
0-1: Fielders Choice at 2nd, 1-4 (Groundball, 15S, EV 72.5 MPH)
Batting: RHB Jeremy Hoffert 0-0: Ball
1-0: Foul Ball, location: 2F
1-1: Foul Ball, location: 2F
1-2: Fly out, F8 (Line Drive, 8LD, EV 88.1 MPH)
Batting: LHB Brandon Hopper 0-0: Called Strike
0-1: Ball
1-1: Ball
2-1: Ball
3-1: Base on Balls
Lee Dillon to second
Batting: RHB Guillermo Mojica 0-0: Ball
1-0: Called Strike
1-1: Foul Ball, location: 2F
1-2: Ball
2-2: Ground out 5-3 (Groundball, 56S, EV 89.4 MPH)
Bottom of the 3rd over - 0 runs, 0 hits, 0 errors, 2 left on base; Chattanooga 0 - Birmingham 9
TOP OF THE 4TH
Chattanooga Lookouts batting - Pitching for Birmingham Barons : RHP Derrick Easley
Batting: RHB Jose Nunez 0-0: Fly out, F5 (Line Drive, 56, EV 91.9 MPH)
Batting: LHB Justin Wenzel 0-0: Ball
1-0: Called Strike
1-1: Ball
2-1: Fly out, F4 (Line Drive, 4M, EV 63.8 MPH)
Batting: RHB Tony Rivera 0-0: Called Strike
0-1: Ball
1-1: Swinging Strike
1-2: Strikes out looking
Top of the 4th over - 0 runs, 0 hits, 0 errors, 0 left on base; Chattanooga 0 - Birmingham 9
BOTTOM OF THE 4TH
Birmingham Barons batting - Pitching for Chattanooga Lookouts : LHP Stefano Traversoni
Batting: LHB Ryan Dyal 0-0: Foul Ball, location: 2F
0-1: Swinging Strike
0-2: SINGLE (Line Drive, 7S, EV 103.1 MPH)
Batting: LHB Josh Pittman 0-0: Ball
1-0: Grounds into double play, 3-6-3 (Groundball, 34, EV 101.9 MPH)
Batting: RHB Toichiro Fujimoto 0-0: Ball
1-0: Swinging Strike
1-1: Swinging Strike
1-2: Ball
2-2: Foul Ball, location: 2F
2-2: Ball
3-2: Base on Balls
Batting: LHB Carlos Ramirez 0-0: Called Strike
0-1: Ball
1-1: Ball
2-1: Swinging Strike
2-2: Ball
3-2: Strikes out swinging
Bottom of the 4th over - 0 runs, 1 hit, 0 errors, 1 left on base; Chattanooga 0 - Birmingham 9
TOP OF THE 5TH
Chattanooga Lookouts batting - Pitching for Birmingham Barons : RHP Derrick Easley
Batting: LHB Steve Roepke 0-0: Ball
1-0: Ball
2-0: Ball
3-0: Called Strike
3-1: Base on Balls
Batting: RHB Marcel Koens 0-0: Ball
1-0: Ball
2-0: Ball
3-0: Called Strike
3-1: Foul Ball, location: 2F
3-2: Foul Ball, location: 2F
3-2: Foul Ball, location: 2F
3-2: Strikes out looking
Batting: RHB Jesse Scott 0-0: Ball
1-0: Called Strike
1-1: Called Strike
1-2: Ball
2-2: Foul Ball, location: 2F
2-2: SINGLE (Line Drive, 7LS, EV 96.9 MPH)
Steve Roepke to second
Batting: LHB Jim Pankratz 0-0: Ball
1-0: Ground out 4-3 (Groundball, 34D, EV 99.4 MPH)
Steve Roepke to third
Jesse Scott to second
Batting: RHB Miguel Diaz 0-0: Ball
1-0: Ball
2-0: Fly out, F5 (Popup, 56S, EV 67.5 MPH)
Top of the 5th over - 0 runs, 1 hit, 0 errors, 2 left on base; Chattanooga 0 - Birmingham 9
BOTTOM OF THE 5TH
Birmingham Barons batting - Pitching for Chattanooga Lookouts : LHP Stefano Traversoni
Batting: RHB Peter Croston 0-0: Ball
1-0: Ball
2-0: Called Strike
2-1: Ball
3-1: Base on Balls
Pitching: RHP Edwin Sanchez
Batting: SHB Lee Dillon 0-0: Called Strike
0-1: SINGLE (Line Drive, 8RS, EV 91.9 MPH)
Peter Croston to second
Batting: RHB Jeremy Hoffert 0-0: Called Strike
0-1: SINGLE (Line Drive, 89S, EV 97.5 MPH)
Peter Croston to third
Lee Dillon to second
Runner from 3rd tries for Home, SAFE, throw by RF to home
Now in RF: Jon Hice
Batting: LHB Brandon Hopper 0-0: Called Strike
0-1: Called Strike
0-2: Foul Ball, location: 2F
0-2: SINGLE (Line Drive, 7S, EV 101.9 MPH)
Lee Dillon to third
Jeremy Hoffert to second
Batting: RHB Guillermo Mojica 0-0: Ball
1-0: Called Strike
1-1: SINGLE (Groundball, 6D, EV 94.4 MPH)
Lee Dillon scores
Jeremy Hoffert to third
Brandon Hopper to second
Batting: LHB Ryan Dyal 0-0: Called Strike
0-1: Swinging Strike
0-2: Strikes out swinging
Batting: LHB Josh Pittman 0-0: Called Strike
0-1: Ball
1-1: Swinging Strike
1-2: SINGLE (Line Drive, 78M, EV 102.5 MPH)
Jeremy Hoffert scores
Brandon Hopper to third
Guillermo Mojica to second
Runner from 3rd tries for Home, SAFE, throw by LF to home
Batting: RHB Toichiro Fujimoto 0-0: Ball
1-0: Foul Ball, location: 2F
1-1: Ball
2-1: Ball
3-1: Fly out, F9 (Flyball, 9LS, EV 75.6 MPH)
Batting: LHB Carlos Ramirez 0-0: Foul Ball, location: 2F
0-1: Ball
1-1: Ball
2-1: Ball
3-1: Swinging Strike
3-2: Fly out, F7 (Line Drive, 78M, EV 96.9 MPH)
Bottom of the 5th over - 4 runs, 5 hits, 0 errors, 2 left on base; Chattanooga 0 - Birmingham 13
TOP OF THE 6TH
Chattanooga Lookouts batting - Pitching for Birmingham Barons : RHP Derrick Easley
Batting: RHB Manuel Juarez 0-0: Ball
1-0: Called Strike
1-1: Called Strike
1-2: Ball
2-2: Ground out 5-3 (Groundball, 56, EV 106.9 MPH)
Batting: RHB Jose Nunez 0-0: Foul Ball, location: 2F
0-1: Ball
1-1: Ball
2-1: Ball
3-1: Base on Balls
Pitching: LHP Zach Fields
Batting: RHB Jon Hice 0-0: Called Strike
0-1: Foul Ball, location: 2F
0-2: Foul Ball, location: 2F
0-2: Ball
1-2: Ball
2-2: SINGLE (Line Drive, 8RS, EV 103.1 MPH)
Jose Nunez to second
Batting: RHB Tony Rivera 0-0: Fly out, F8 (Flyball, 8RXD, EV 108.8 MPH)
Runner from 2nd tags up, SAFE at 3rd, no throw by CF
Batting: LHB Steve Roepke 0-0: Ball
1-0: Fly out, F8 (Flyball, 8RD, EV 104.4 MPH)
Top of the 6th over - 0 runs, 1 hit, 0 errors, 2 left on base; Chattanooga 0 - Birmingham 13
BOTTOM OF THE 6TH
Birmingham Barons batting - Pitching for Chattanooga Lookouts : RHP Edwin Sanchez
Batting: RHB Peter Croston 0-0: Called Strike
0-1: Ball
1-1: Foul Ball, location: 2F
1-2: Ball
2-2: Ground out 4-3 (Groundball, 4D, EV 105.0 MPH)
Pitching: LHP Israel Serrano
Batting: SHB Lee Dillon 0-0: Ball
1-0: Swinging Strike
1-1: Foul Ball, location: 2F
1-2: Strikes out looking
Batting: RHB Jeremy Hoffert 0-0: Fly out, F8 (Line Drive, 8RD, EV 100.0 MPH)
Bottom of the 6th over - 0 runs, 0 hits, 0 errors, 0 left on base; Chattanooga 0 - Birmingham 13
TOP OF THE 7TH
Chattanooga Lookouts batting - Pitching for Birmingham Barons : LHP Zach Fields
Batting: RHB Marcel Koens 0-0: Swinging Strike
0-1: Ball
1-1: Foul Ball, location: 2F
1-2: Ball
2-2: Ground out 5-3 (Groundball, 5, EV 109.4 MPH)
Batting: RHB Jesse Scott 0-0: Swinging Strike
0-1: Ball
1-1: Foul Ball, location: 2F
1-2: Fly out, F8 (Flyball, 8RD, EV 90.6 MPH)
Batting: LHB Jim Pankratz 0-0: Foul Ball, location: 2F
0-1: Ball
1-1: Foul Ball, location: 2F
1-2: Fly out, F7 (Flyball, 7LD, EV 111.2 MPH)
Top of the 7th over - 0 runs, 0 hits, 0 errors, 0 left on base; Chattanooga 0 - Birmingham 13
BOTTOM OF THE 7TH
Birmingham Barons batting - Pitching for Chattanooga Lookouts : LHP Israel Serrano
Pinch Hitting: LHB Herkko Haavikko 0-0: Called Strike
0-1: Ground out 4-3 (Groundball, 4, EV 86.2 MPH)
Pinch Hitting: LHB Jose Duran 0-0: Ball
1-0: Called Strike
1-1: Ball
2-1: Foul Ball, location: 2F
2-2: Strikes out swinging
Batting: LHB Ryan Dyal 0-0: Ball
1-0: Called Strike
1-1: Ball
2-1: Ball
3-1: Base on Balls
Batting: LHB Josh Pittman 0-0: Ball
1-0: Called Strike
1-1: Foul Ball, location: 2F
1-2: Ball
2-2: Ball
3-2: Base on Balls
Ryan Dyal to second
Batting: RHB Toichiro Fujimoto 0-0: Foul Ball, location: 2F
0-1: Ground out 4-3 (Groundball, 4, EV 83.8 MPH)
Bottom of the 7th over - 0 runs, 0 hits, 0 errors, 2 left on base; Chattanooga 0 - Birmingham 13
TOP OF THE 8TH
Chattanooga Lookouts batting - Pitching for Birmingham Barons : LHP Zach Fields
Now at 2B: Jose Duran
Now in RF: Herkko Haavikko
Batting: RHB Miguel Diaz 0-0: Foul Ball, location: 2F
0-1: Swinging Strike
0-2: Foul Ball, location: 2F
0-2: Ball
1-2: Strikes out swinging
Batting: RHB Manuel Juarez 0-0: Called Strike
0-1: SINGLE (Groundball, 4M, EV 88.8 MPH) (infield hit)
Batting: RHB Jose Nunez 0-0: Called Strike
0-1: Ball
1-1: Foul Ball, location: 2F
1-2: Ball
2-2: Ball
3-2: Strikes out looking
Manuel Juarez steals 2nd base (no throw)
Batter strikes out.
Batting: RHB Jon Hice 0-0: Reached on error, E4 (Groundball, 4, EV 86.2 MPH)
Manuel Juarez scores
Batting: RHB Tony Rivera 0-0: Called Strike
0-1: Ground out 6-3 (Groundball, 6, EV 101.2 MPH)
Top of the 8th over - 1 run, 1 hit, 1 error, 1 left on base; Chattanooga 1 - Birmingham 13
BOTTOM OF THE 8TH
Birmingham Barons batting - Pitching for Chattanooga Lookouts : LHP Israel Serrano
Pinch Hitting: RHB Sean Lee 0-0: Fly out, F8 (Flyball, 8RXD, EV 106.9 MPH)
Batting: RHB Peter Croston 0-0: Ball
1-0: Foul Ball, location: 2F
1-1: Ball
2-1: Foul Ball, location: 2F
2-2: Foul Ball, location: 2F
2-2: Strikes out swinging
Batting: SHB Lee Dillon 0-0: Called Strike
0-1: Ball
1-1: Swinging Strike
1-2: Ball
2-2: Strikes out swinging
Bottom of the 8th over - 0 runs, 0 hits, 0 errors, 0 left on base; Chattanooga 1 - Birmingham 13
TOP OF THE 9TH
Chattanooga Lookouts batting - Pitching for Birmingham Barons : LHP Zach Fields
Now at 1B: Sean Lee
Batting: LHB Steve Roepke 0-0: Ground out 6-3 (Groundball, 6M, EV 81.2 MPH)
Pinch Hitting: LHB Peer Derks 0-0: Called Strike
0-1: Ball
1-1: Swinging Strike
1-2: Foul Ball, location: 2F
1-2: SINGLE (Groundball, 4M, EV 98.8 MPH) (infield hit)
Pitching: LHP Juan Medrano
Pinch Runner at 1st Matt Dunn:
Batting: RHB Jesse Scott 0-0: Swinging Strike
0-1: Ball
1-1: Ball
2-1: Called Strike
2-2: Ball
3-2: Base on Balls
Matt Dunn to second
Batting: LHB Jim Pankratz 0-0: Foul Ball, location: 2F
0-1: Ball
1-1: Ball
2-1: Ball
3-1: Base on Balls
Matt Dunn to third
Jesse Scott to second
Batting: RHB Miguel Diaz 0-0: Called Strike
0-1: Swinging Strike
0-2: Ball
1-2: Strikes out swinging
Batting: RHB Manuel Juarez 0-0: Called Strike
0-1: Fly out, F9 (Line Drive, 9S, EV 86.9 MPH)
Top of the 9th over - 0 runs, 1 hit, 0 errors, 3 left on base; Chattanooga 1 - Birmingham 13
Tuesday, September 13th , 2022 - OOTP Baseball 23.7 Build 88